 Dungeon Crawl Stone Soup version 0.28.0-45-g0d030f2227 (webtiles) character file.

Game seed: 16030353033204618310

302 101zpm the Magician (level 6, -14/42 HPs)
             Began as a Djinni Ice Elementalist on Apr 10, 2022.
             Killed by divine providence
             ... invoked by an orc priest
              (15 damage)
             ... on level 4 of the Dungeon.
             The game lasted 00:04:41 (3304 turns).

101zpm the Magician (Djinni Ice Elementalist)       Turns: 3304, Time: 00:04:42

Health: -14/42     AC:  2    Str:  7    XL:     6   Next: 65%
Gold:   118        EV: 13    Int: 25    God:
                   SH:  0    Dex: 13

rFire   + + .      SeeInvis .   d - +5 flail "Ufept" {drain, rC+}
rCold   . . .      Faith    .   (no shield)
rNeg    . . .      Spirit   .   a - +0 robe
rPois   ∞          Reflect  .   (no helmet)
rElec   .          Harm     .   e - scarf {+Inv}
rCorr   .          Rampage  .   (no gloves)
Will    .....                   (boots unavailable)
Stlth   ++........              (no amulet)
HPRegen 0.14/turn               h - +6 ring of intelligence
MPRegen 0.00/turn               (no ring)

@: flying
A: sickness immunity, fire resistance 2, cold vulnerability 1, float, innate
caster, HP casting, extra vitality 1
a: Evoke Invisibility


You were on level 4 of the Dungeon.
You visited 1 branch of the dungeon, and saw 4 of its levels.

You collected 118 gold pieces.

Inventory:

Hand Weapons
 d - the +5 flail "Ufept" (weapon) {drain, rC+}
   (You found it on level 2 of the Dungeon)

   A truly terrible weapon, it drains the life of any living foe it strikes.
   rC:        It protects you from cold.
Armour
 a - a +0 robe (worn)
 e - a scarf of invisibility (worn)
Jewellery
 h - a +6 ring of intelligence (left hand)
Scrolls
 g - a scroll of brand weapon {unknown}
 i - 2 scrolls of identify {unknown}
 l - a scroll of fog {unknown}
 n - a scroll of teleportation {unknown}
Potions
 b - a potion of attraction {unknown}
 c - a potion of cancellation {unknown}
 f - 3 potions of haste {unknown}
 j - a potion of might {unknown}
 k - a potion of degeneration {unknown}
 m - a potion of heal wounds {unknown}


   Skills:
 + Level 1.3 Fighting
 + Level 3.3 Maces & Flails
 + Level 3.1 Dodging
 + Level 2.6 Stealth
 + Level 3.9 Spellcasting


You couldn't memorise any spells.
You knew the following spells:

 Your Spells              Type           Power      Damage    Failure   Level
a - Freeze                Ice            96%        1d11      1%          1
b - Frozen Ramparts       Ice            48%        1d6       5%          3
c - Ozocubu's Armour      Ice            24%        N/A       5%          3
d - Hailstorm             Conj/Ice       24%        3d7       19%         4
e - Summon Small Mammal   Summ           96%        N/A       1%          1
f - Scorch                Fire           48%        2d7       2%          2
Your spell library was empty.

Dungeon Overview and Level Annotations

Branches:
Dungeon (4/15)
 Temple: D:4-7

Altars:


Innate Abilities, Weirdness & Mutations

You are immune to sickness and miasma.
You are immune to poison.
Your flesh is very heat resistant. (rF++)
You are vulnerable to cold. (rC-)
You float through the air rather than walking.
You learn spells naturally, not from books.
Your magical power is your life essence.
You have superior vitality. (+4 MHP)


Message History

Found 12 gold pieces and a scroll labelled HOLURCH ILEUM.
Found a stone staircase leading up.
The orc hits you but does no damage.
You hit the orc priest.
The orc priest is lightly wounded.
The orc hits you with a +0 hand axe. The orc priest closely misses you.
The orc hits you with a +0 hand axe.
You hit the orc priest. You drain the orc priest.
The orc priest is severely wounded.
The orc hits you from afar with a +0 trident!
The orc priest hits you with a +0 mace! The orc misses you.
The orc hits you but does no damage.
You are too injured to fight recklessly!
You are too injured to fight recklessly!
You are too injured to fight recklessly!
You are too injured to fight recklessly!
You are too injured to fight recklessly!
You are too injured to fight recklessly!
You are too injured to fight recklessly!
You are too injured to fight recklessly!
You are too injured to fight recklessly!
You are too injured to fight recklessly!
You are too injured to fight recklessly!
You are too injured to fight recklessly!
You are too injured to fight recklessly!
You are too injured to fight recklessly!
The orc priest invokes the aid of Beogh against you.
Beogh smites you!
* * * LOW HITPOINT WARNING * * *
Casting: Summon Small Mammal (safe; 1% risk of failure)
Confirm with . or Enter, or press ? or * to list all spells.
Flames lash the orc priest.
The orc priest is almost dead.
The orc priest's fire resistance burns away.
* * * LOW HITPOINT WARNING * * *
The orc hits you with a +0 hand axe.
* * * LOW HITPOINT WARNING * * *
You see here a hobgoblin corpse.
The orc priest calls down the wrath of Beogh upon you.
Beogh smites you!
You die...

#.#.....)...#
#.###.#.###....# #.....#.#
#.##.# <... #..##...# #.#
...# ##..##.### #.# ...
.........# #.# ..#
.........####.# ?.#
#..............######.#
#...............@o.oo.#
#.................##.o#
.........#####...##.....8#
.........# ##....o.#..#$#
........# #####.## .8#
........# #.# ...
######### #.# ## #.. ###


You could see 2 orc priests and 2 orcs.

Vanquished Creatures
  A necrophage (D:3)
  A centaur (D:4)
  A water moccasin skeleton (D:4)
  5 adders
  A dart slug (D:1)
  An endoplasm (D:4)
  4 giant cockroaches
  3 hobgoblins
  4 jackals (D:1)
  5 kobolds
  6 quokkas
  3 ball pythons
  8 bats
  5 frilled lizards
  2 goblins
  6 rats
56 creatures vanquished.

Vanquished Creatures (collateral kills)
  A rat (D:3)
1 creature vanquished.

Grand Total: 57 creatures vanquished

Notes
Turn   | Place    | Note
-------+----------+-------------------------------------------
     0 | D:1      | 101zpm the Djinni Ice Elementalist began the quest for the
                  | Orb.
     0 | D:1      | Reached XP level 1. HP: 15/15 MP: 0/0
   401 | D:2      | Reached XP level 2. HP: 18/21 MP: 0/0
   902 | D:2      | Identified the +5 flail "Ufept" {drain, rC+}
  1569 | D:1      | Reached XP level 3. HP: 18/25 MP: 0/0
  1569 | D:1      | Learned a level 1 spell: Summon Small Mammal
  1837 | D:1      | Found a faded altar of an unknown god.
  2039 | D:1      | Reached skill level 1 in Maces & Flails
  2205 | D:3      | Reached XP level 4. HP: 30/31 MP: 0/0
  2270 | D:3      | Noticed a necrophage
  2277 | D:3      | Killed a necrophage
  2278 | D:3      | Reached XP level 5. HP: 31/36 MP: 0/0
  2278 | D:3      | Learned a level 2 spell: Scorch
  2502 | D:3      | Reached skill level 1 in Fighting
  2984 | D:4      | Noticed a centaur
  2994 | D:4      | Killed a centaur
  2995 | D:4      | Reached XP level 6. HP: 23/42 MP: 0/0
  3302 | D:4      | HP: 1/42 [orc/+0 hand axe (6)]
  3304 | D:4      | Killed from afar by an orc priest

Illustrated notes

Levels and vault maps discovered:
D:1:      dpeg_arrival_rhombus, layout_basic,
          shapermc_ecumenical_altar_notcrosses
D:2:      wad_pebble_path, layout_loops_corners, grunt_ministairs_6,
          serial_bayou_lagoon_a, bh_walls_and_bars
D:3:      layout_loops_ring
D:4:      layout_loops_ring, minmay_misc_feat_secret_circle,
          minmay_statues_item, kennysheep_generic_room_13, uniq_ijyb,
          uniq_robin, uniq_natasha

Skill      XL: |  1  2  3  4  5  6 |
---------------+-------------------+-----
Maces & Flails | 1 2 3 |  3.3
Stealth        | 2 |  2.6
Fighting       | 1 |  1.3
Dodging        | 3 |  3.1
Spellcasting   | |  3.9

Action                   |  1- 3 |  4- 6 || total
-------------------------+-------+-------++-------
Melee: Unarmed           |     1 |       ||     1
       Flail             |    51 |    50 ||   101
 Cast: Freeze            |    14 |       ||    14
       Summon Small Mamm |     2 |     1 ||     3
       Scorch            |       |     1 ||     1
 Stab: Sleeping          |     2 |     4 ||     6
Armor: Robe              |    16 |    12 ||    28
Dodge: Dodged            |    38 |    51 ||    89
